 Dungeon Crawl Stone Soup version 0.23-a0-642-g3120c2f (webtiles) character file.

172 Borgoz the Skirmisher (level 5, -2/47 HPs)
             Began as a Minotaur Abyssal Knight on Dec 30, 2018.
             Was a Believer of Lugonu.
             Slain by Grinder (7 damage)
             ... on level 3 of the Dungeon.
             The game lasted 00:04:28 (2961 turns).

Borgoz the Skirmisher (Minotaur Abyssal Knight)     Turns: 2961, Time: 00:04:28

Health: -2/47      AC:  5    Str: 16    XL:     5   Next: 27%
Magic:  6/6        EV: 11    Int:  9    God:    Lugonu [**....]
Gold:   211        SH:  0    Dex: 11    Spells: 4/4 levels left

rFire    . . .     SeeInvis +   a - +1 hand axe
rCold    . . .     Gourm    .   (no shield)
rNeg     . . .     Faith    .   m - +0 ring mail
rPois    .         Spirit   .   (helmet restricted)
rElec    .         Reflect  .   (no cloak)
rCorr    .         Harm     .   (no gloves)
MR       .....                  (no boots)
Stlth    +.........             k - amulet of regeneration
HPRegen  0.55/turn              u - ring of see invisible
MPRegen  0.10/turn              (no ring)

@: no status effects
A: retaliatory headbutt, horns 2
a: Depart the Abyss, Bend Space, Renounce Religion


You were on level 3 of the Dungeon.
You worshipped Lugonu.
Lugonu was pleased with you.
You were hungry.

You visited 1 branch of the dungeon, and saw 3 of its levels.
You visited the Abyss 1 time.

You collected 211 gold pieces.

Inventory:

Hand Weapons
 a - a +1 hand axe (weapon)
Armour
 b - a +0 leather armour
 m - a +0 ring mail (worn)
Jewellery
 k - an amulet of regeneration (around neck)
 u - a ring of see invisible (left hand)
 w - a +3 ring of strength {unknown}
Scrolls
 f - 4 scrolls of identify {unknown}
 g - 5 scrolls of remove curse {unknown}
 h - 2 scrolls of fog {unknown}
 l - a scroll of teleportation {unknown}
 n - a scroll of immolation {unknown}
 o - a scroll of blinking {unknown}
 r - a scroll of fear {unknown}
 v - a scroll of enchant weapon {unknown}
Potions
 d - a potion of curing {unknown}
 e - 3 potions of heal wounds {unknown}
 i - a potion of degeneration {unknown}
 j - a potion of ambrosia {unknown}
 q - a potion of lignification {unknown}
 s - a potion of haste {unknown}
 t - a potion of brilliance {unknown}
 x - a potion of mutation {unknown}
Comestibles
 c - 10 rations


   Skills:
 + Level 4.8 Fighting
 + Level 3.7 Axes
 + Level 3.5 Armour
 + Level 2.4 Dodging
 + Level 2.8 Invocations


You had 4 spell levels left.
You didn't know any spells.
Your spell library was empty.

Dungeon Overview and Level Annotations

Branches:
Dungeon (3/15)

Altars:
Cheibriados
Sif Muna

Annotations:
D:3 Grinder


Innate Abilities, Weirdness & Mutations

You reflexively headbutt those who attack you in melee.
You have a pair of horns on your head.


Message History

Grinder hits you.
You are too injured to fight recklessly!
You are too injured to fight recklessly!
You are too injured to fight recklessly!
You are too injured to fight recklessly!
You barely miss Grinder.
Grinder is moderately wounded.
Grinder closely misses you. You furiously retaliate!
You headbutt Grinder! You closely miss Grinder. You headbutt Grinder.
Grinder is severely wounded.
Grinder hits you.
You writhe in agony.
You slash Grinder!
Grinder is severely wounded.
Grinder gestures at you. Pain shoots through your body!
* * * LOW HITPOINT WARNING * * *
You hit Grinder.
Grinder is almost dead.
Grinder hits you!
You die...

...................
###########.###.#.#
#.# #.#.. #.# #.#.#
#.# #.#.# #### #.#
#.#.# <(.# #.# #.#.#
##.# .###.#.# #.# #
#..@.#
##.########.##.5######
...<.................#
##.#######.###...###.#
#.# #.# #...# # ##.#
#.# #.#.###.# ...# #.#
#.......# ...# ##.#
###...### ##.#
#..#####...#


You could see Grinder.

Vanquished Creatures
  3 gnolls
  5 adders
  2 oozes (D:2)
  3 worms
  3 dart slugs
  6 leopard geckos
  3 orcs (D:3)
  4 giant cockroaches
  8 goblins
  8 hobgoblins
  9 kobolds
  7 ball pythons (D:2)
  A bat (D:2)
  5 frilled lizards
  4 rats
71 creatures vanquished.

Notes
Turn   | Place    | Note
-------+----------+-------------------------------------------
     0 | Abyss:1  | Borgoz the Minotaur Abyssal Knight began the quest for the
                  | Orb.
     0 | Abyss:1  | Reached XP level 1. HP: 19/19 MP: 1/1
    54 | Abyss:1  | Noticed a small abomination
    56 | D:1      | Escaped the Abyss
   112 | D:1      | Reached skill level 4 in Fighting
   132 | D:1      | Reached XP level 2. HP: 22/27 MP: 2/2
   216 | D:1      | Reached * piety under Lugonu
   528 | D:1      | Reached XP level 3. HP: 31/33 MP: 3/3
  1230 | D:3      | Reached XP level 4. HP: 41/41 MP: 4/4
  1610 | D:2      | Reached ** piety under Lugonu
  2124 | D:2      | Found a deep blue altar of Sif Muna.
  2151 | D:2      | Reached XP level 5. HP: 33/47 MP: 6/6
  2916 | D:3      | Found a snail-covered altar of Cheibriados.
  2939 | D:3      | Noticed Grinder
  2945 | D:3      | Paralysed by Grinder for 7 turns
  2961 | D:3      | Slain by Grinder

Vault maps used:
D:1:      matt_arrival_grand_opening
D:2:      lemuel_doored_altar, serial_forest, infiniplex_forest_corner_1,
          infiniplex_forest_lined_2, infiniplex_forest_clump_C,
          infiniplex_forest_lined_ring, infiniplex_forest_straight_4,
          infiniplex_forest_straight_2, infiniplex_forest_lined_4_way,
          infiniplex_forest_lined_room_2, minmay_misc_feat_encased,
          minmay_misc_feat_more_columns, minmay_snake_closets
D:3:      cheibriados_altar_1, makhleb_grotto_becter, vehumet_crystals,
          uniq_grinder

Skill      XL: |  1  2  3  4 |
---------------+-------------+-----
Fighting       | 4 |  4.8
Invocations    | 2 |  2.8
Axes           | 3 |  3.7
Armour         | 3 |  3.5
Dodging        | 2 |  2.4

Action                   |  1- 3 |  4- 6 || total
-------------------------+-------+-------++-------
Melee: Hand axe          |    73 |   102 ||   175
       Headbutt          |     5 |    12 ||    17
Invok: Depart the Abyss  |     1 |       ||     1
  Eat: Chunk             |     1 |     5 ||     6
Armor: Leather armour    |    13 |    17 ||    30
       Ring mail         |       |     4 ||     4
Dodge: Dodged            |    46 |    64 ||   110

Table legend:
 A = Non-vault XP
 B = Vault XP
 C = Vault XP percentage of total XP
 D = Non-vault monster count
 E = Vault monster count
 F = Vault count percentage of total count
                 A         B        C        D         E       F
            +---------+---------+-------+---------+---------+-------
      Total |     199 |      47 |  19.1 |      62 |       9 |  12.7
            +---------+---------+-------+---------+---------+-------
        D:1 |      46 |       0 |   0.0 |      23 |       0 |   0.0
        D:2 |      90 |      47 |  34.3 |      21 |       9 |  30.0
        D:3 |      63 |       0 |   0.0 |      18 |       0 |   0.0
            +---------+---------+-------+---------+---------+-------
